 Dungeon Crawl Stone Soup version 0.31.0-12-g77e489cdc1 (console) character file.

Game seed: 13946389012745555327

93 Noisytoot the Insei (level 4, -5/28 HPs)
             Began as an Octopode Shapeshifter on Feb 19, 2024.
             Slain by a gnoll
             ... wielding a +0 halberd
              (12 damage)
             ... on level 3 of the Dungeon.
             The game lasted 00:04:38 (1956 turns).

Noisytoot the Insei (Octopode Shapeshifter)         Turns: 1956, Time: 00:04:39

Health: -5/28      AC:  1    Str: 19    XL:     4   Next: 62%
Magic:  4/4        EV: 13    Int: 12    God:
Gold:   45         SH:  0    Dex: 13    Spells: 3/3 levels left

rFire   . .          .
                       - Unarmed
rCold   . . .        (no shield)
rNeg    . . .        (helmet currently unavailable)
rPois   .            (no amulet)
rElec   .            r - +6 ring of strength
rCorr   .            (no ring)
SInv    .            (no ring)
Will    .....        (no ring)
Stlth   +++          (no ring)
HPRegen 0.24/turn    (no ring)
MPRegen 0.09/turn    (no ring)
                     (no ring)

%: no passive effects
@: beast-form
A: beast (slay +1), almost no armour, amphibious, 8 rings, camouflage 1,
gelatinous body 1, (nimble swimmer 1), tentacles
a: Begin Untransformation


You were on level 3 of the Dungeon.
You were a hulking beast.
You visited 1 branch of the dungeon, and saw 3 of its levels.

You collected 69 gold pieces.
You spent 24 gold pieces at shops.

Inventory:

Hand Weapons
 d - a +0 dagger
 f - a +0 spear
 g - a +0 rapier
 k - a +0 club
 l - a +0 short sword
 q - a +0 war axe
Missiles
 e - 15 stones (quivered)
 o - 2 poisoned darts
Jewellery
 r - a +6 ring of strength (left tentacle)
Talismans
 b - a beast talisman
 c - a flux talisman
 p - a blade talisman
Scrolls
 i - 2 scrolls of summoning
 m - 2 scrolls of teleportation
Potions
 a - 2 potions of lignification
 j - a potion of might
 n - a potion of curing


   Skills:
 + Level 1.5 Fighting
 + Level 2.3 Dodging
 + Level 2.6 Stealth
 + Level 4.0 Unarmed Combat
 + Level 3.4 Shapeshifting


You had 3 spell levels left.
You didn't know any spells.
Your spell library was empty.

Dungeon Overview and Level Annotations

Branches:
Dungeon (3/15)

Altars:
Trog

Shops:
D:2 *

Annotations:
D:3 Robin


Innate Abilities, Weirdness & Mutations

You are a hulking beast.
Your limbs bulge with bestial killing power. (Slay +1)
You cannot wear most types of armour.
You are amphibious.
You can wear up to eight rings at the same time.
Your skin changes colour to match your surroundings (Stealth+).
Your rubbery body absorbs attacks. (AC +1, EV +1)
((You are camouflaged when in or above water. (Stealth+)))
You have tentacles for arms and can constrict up to eight enemies at once.


Message History

The gnoll hits you with a +0 halberd.
Robin roars a battlecry!
The goblins go into a battle-frenzy!
You see here a +0 dagger.
You tentacle-slap the gnoll. You grab the gnoll.
The gnoll is moderately wounded.
You constrict the gnoll.
You release your grip on the gnoll.
A gnoll comes into view. It is wielding a +0 halberd.
The gnoll closely misses you. The goblin attacks as it pursues you!
The goblin closely misses you.
A quokka comes into view.
There is a stone staircase leading up here.
The goblin hits you with a +0 dagger.
You climb upwards.
There is a stone staircase leading down here.
You bludgeon the goblin!
You kill the goblin!
No target in view!
Things that are here:
a +0 dagger; a goblin corpse
There is a stone staircase leading down here.
You start resting.
HP restored.
You climb downwards.
Level annotation: Robin The gnoll barely misses you.
The gnoll closely misses you.
The gnoll hits you from afar with a +0 halberd!
The gnoll barely misses you.
There is a stone staircase leading up, spattered with blood here.
The gnoll barely misses you. The gnoll closely misses you.
The gnoll barely misses you. The gnoll closely misses you.
You tentacle-slap the gnoll. Your grab misses the gnoll.
The gnoll is lightly wounded.
The gnoll hits you with a +0 halberd! x2
* * * LOW HITPOINT WARNING * * *
The gnoll misses you. The gnoll closely misses you.
There is a stone staircase leading up, spattered with blood here.
The gnoll hits you from afar with a +0 halberd!
You die...

#### .<.
#####g####
###.#grg...#
#....g#.##.#
#.#h###g#
#.# .# #.#
gg #.# ##
#.# #.# #.#
#.#


You could see 2 gnolls, a quokka and 2 goblins.

Vanquished Creatures
  A hound (D:2)
  An adder (D:2)
  A ribbon worm (D:2)
  2 dart slugs (D:2)
  An endoplasm (D:1)
  2 giant cockroaches (D:1)
  5 hobgoblins
  4 kobolds
  A quokka (D:2)
  8 ball pythons
  4 bats
  4 frilled lizards
  6 goblins
  7 rats
47 creatures vanquished.

Notes
Turn   | Place    | Note
-------+----------+-------------------------------------------
     0 | D:1      | Noisytoot the Octopode Shapeshifter began the quest for the
                  | Orb.
     0 | D:1      | Reached XP level 1. HP: 13/13 MP: 1/1
   161 | D:1      | Reached XP level 2. HP: 17/18 MP: 2/2
   878 | D:1      | Reached XP level 3. HP: 23/23 MP: 3/3
  1082 | D:2      | Found a bloodstained altar of Trog.
  1111 | D:2      | Reached skill level 1 in Stealth
  1701 | D:2      | Found Wousma Zink's Assorted Antiques.
  1709 | D:2      | Bought a scroll labelled PIEGUK WEIKAONEK for 24 gold
                  | pieces
  1727 | D:2      | Reached XP level 4. HP: 18/28 MP: 4/4
  1867 | D:2      | Reached skill level 4 in Unarmed Combat
  1914 | D:3      | Noticed Robin
  1956 | D:3      | Slain by a gnoll

Illustrated notes

Levels and vault maps discovered:
D:1:      lemuel_arrival_muddy, layout_basic
D:2:      cheibrodos_old_hovel, layout_basic, serial_shops, shop, basic_altar
D:3:      layout_basic, amcnicky_altar_gilded, nicolae_qazlal_beasts_of_the_sky,
          dreamdust_ecumenical_altar_angels_and_demons, uniq_robin, uniq_sigmund

Skill      XL: |  1  2  3  4 |
---------------+-------------+-----
Stealth        | 2 |  2.6
Unarmed Combat | 4 |  4.0
Fighting       | |  1.5
Dodging        | |  2.3
Shapeshifting  | |  3.4

Action                     |  1- 3 |  4- 6 || total
---------------------------+-------+-------++-------
  Melee: Unarmed           |    77 |     7 ||    84
         Constrict         |    19 |     2 ||    21
         Tentacles         |    11 |     1 ||    12
         Punch             |     5 |       ||     5
    Use: Scroll            |     3 |     1 ||     4
   Stab: Sleeping          |    14 |       ||    14
 Armour: Skin              |    26 |     9 ||    35
  Dodge: Dodged            |    40 |    11 ||    51
